 Dungeon Crawl Stone Soup version 0.30-a0-782-ge64f9170bb (webtiles) character file.

Game seed: 15393958775524191480

58827 DavidChitty2 the Severer (level 14, -5/125 (130) HPs)
             Began as a Hill Orc Fighter on Feb 28, 2023.
             Was a High Priest of Beogh.
             Slain by an orc knight
             ... wielding a +2 great mace of protection
              (22 damage)
             ... while paralysed by an orc sorcerer
             ... on level 2 of the Orcish Mines.
             The game lasted 00:35:09 (21603 turns).

DavidChitty2 the Severer (Hill Orc Fighter)        Turns: 21603, Time: 00:35:10

HP:   -5/125 (130)  AC: 22    Str: 29    XL:     14   Next: 92%
MP:   24/24         EV:  2    Int: 12    God:    Beogh [*****.]
Gold: 1228          SH:  0    Dex:  8    Spells: 11/13 levels left

rFire   + . .      SeeInvis +    a - +0 broad axe (flame)
rCold   + . .      Faith    .    l - +10 tower shield of Absolutism {Drain rPois Dex-2 Slay+5 Stlth+}
rNeg    + . .      Spirit   .    Y - +0 plate armour {rC+}
rPois   +          Reflect  .    f - +0 helmet
rElec   +          Harm     .    D - scarf {+Inv}
rCorr   +          Rampage  +    W - +2 pair of gloves of the Sneaky Coins {Str+5}
Will    +....                    Z - +0 pair of boots {rampage} Stlth
                                 n - amulet of the acrobat
HPRegen 0.40/turn                X - ring of Agnosticism {rElec rF+ rCorr}
MPRegen 0.19/turn                N - ring of Gluttony {rPois rN+ Str+4 SInv Stlth+, =R}

@: paralysed, lightly drained
A: walk on water
a: Renounce Religion, Evoke Invisibility, Smiting, Recall Orcish Followers, Give
Item to Named Follower


You were on level 2 of the Orcish Mines.
You worshipped Beogh.
Beogh was extremely pleased with you.
You visited 4 branches of the dungeon, and saw 23 of its levels.
You visited 1 bazaar.
You also visited: Ossuary and Bailey.

You collected 2092 gold pieces.
You spent 864 gold pieces at shops.

Inventory:

Hand Weapons
 a - a +0 broad axe of flaming (weapon)
   (You took it off Maggie on level 7 of the Dungeon)
 o - a +1 trident of venom
   (You took it off Louise on level 15 of the Dungeon)
Missiles
 e - a throwing net (quivered) {!f}
Armour
 c - the +4 pair of gloves of Leapfrog {-Tele rCorr MP+9}
   (You bought it in a shop in a bazaar)

   MP:        It affects your magic capacity (+9).
   -Tele:     It prevents most forms of teleportation.
   rCorr:     It protects you from acid and corrosion.
 f - a +0 helmet (worn)
   (You found it on level 1 of the Dungeon)
 l - the +10 tower shield of Absolutism (worn) {Drain rPois Dex-2 Slay+5 Stlth+}
   (You took it off Louise on level 15 of the Dungeon)

   Dex:       It affects your dexterity (-2).
   Slay:      It affects your accuracy & damage with ranged weapons and melee
   (+5).
   rPois:     It protects you from poison.
   Drain:     It drains your maximum health when unequipped.
   Stlth:     It makes you more stealthy.
 D - a scarf of invisibility (worn)
   (You found it on level 7 of the Dungeon)
 W - the +2 pair of gloves of the Sneaky Coins (worn) {Str+5}
   (You found it on level 4 of the Lair of Beasts)

   Str:       It affects your strength (+5).
 Y - a +0 plate armour of cold resistance (worn)
   (You found it on level 5 of the Lair of Beasts)
 Z - a +0 pair of boots of rampaging (worn)
   (You found it on level 5 of the Lair of Beasts)
Jewellery
 i - a ring of protection from fire
   (You found it on level 4 of the Dungeon)
 m - a ring of willpower
   (You found it on level 2 of the Dungeon)
 n - an amulet of the acrobat (around neck)
   (You found it on level 2 of the Dungeon)
 s - a ring of magical power
   (You found it on level 10 of the Dungeon)
 v - a ring of wizardry
   (You found it on level 2 of the Dungeon)
 E - a ring of resist corrosion
   (You found it on level 7 of the Dungeon)
 F - a ring of willpower
   (You found it on level 5 of the Dungeon)
 N - the ring of Gluttony (right hand) {rPois rN+ Str+4 SInv Stlth+, =R}
   (You bought it in a shop on level 8 of the Dungeon)

   [ring of see invisible]

   Str:       It affects your strength (+4).
   rPois:     It protects you from poison.
   rN:        It protects you from negative energy.
   SInv:      It lets you see invisible.
   Stlth:     It makes you more stealthy.
 X - the ring of Agnosticism (left hand) {rElec rF+ rCorr}
   (You found it on level 5 of the Lair of Beasts)

   [ring of protection from fire]

   rF:        It protects you from fire.
   rElec:     It insulates you from electricity.
   rCorr:     It protects you from acid and corrosion.
Wands
 t - a wand of flame (40)
   (You found it on level 8 of the Dungeon)
 u - a wand of paralysis (38)
   (You took it off Maggie on level 7 of the Dungeon)
 y - a wand of polymorph (11)
   (You found it on level 4 of the Dungeon)
 C - a wand of light (8)
   (You found it on level 7 of the Dungeon)
 G - a wand of roots (9)
   (You took it off an orc on level 7 of the Dungeon)
 J - a wand of mindburst (12)
   (You found it in an ossuary)
Scrolls
 g - 3 scrolls of fear
 j - 7 scrolls of amnesia
 k - 2 scrolls of immolation {!r}
 B - 6 scrolls of teleportation {@r4}
 L - 4 scrolls of summoning
 M - 3 scrolls of blinking
 O - 4 scrolls of enchant weapon
 P - 4 scrolls of enchant armour
 Q - a scroll of brand weapon
 R - 4 scrolls of fog
 S - 10 scrolls of identify {@r1}
 U - 5 scrolls of silence
Potions
 b - 4 potions of cancellation
 d - 5 potions of might
 h - 2 potions of flight
 p - 8 potions of haste {@q3}
 q - a potion of berserk rage
 r - 6 potions of mutation {!q}
 w - 4 potions of ambrosia
 x - 2 potions of experience
 z - 7 potions of invisibility
 A - 16 potions of curing {@q1}
 H - 4 potions of brilliance
 I - 5 potions of lignification {!q}
 K - 5 potions of magic
 T - 5 potions of heal wounds {@q2}
 V - a potion of attraction {!q}


   Skills:
 + Level 13.9 Fighting
 - Level 18.0 Axes
 + Level 12.6 Armour
 + Level 12.5 Shields
 * Level 1.2 Translocations
 + Level 13.6 Invocations
 + Level 1.0 Evocations


You had 11 spell levels left.
You knew the following spells:

 Your Spells              Type           Power      Damage    Failure   Level
b - Blink                 Tloc           6%         N/A       100%        2

Your spell library contained the following spells:

 Spells                   Type           Power      Damage    Failure   Level
 Beastly Appendage        Tmut           0%         N/A       100%        1
 Shock                    Conj/Air       0%         1d3       100%        1
 Summon Small Mammal      Summ           0%         N/A       100%        1
 Cigotuvi's Dreadful Rot  Necr/Pois/Air  0%         N/A       100%        2
 Ensorcelled Hibernation  Hex/Ice        0%         N/A       100%        2
 Poisonous Vapours        Pois/Air       0%         N/A       100%        2
 Wereblood                Tmut           0%         N/A       100%        2
 Call Canine Familiar     Summ           0%         N/A       100%        3
 Dazzling Flash           Conj/Hex       0%         N/A       100%        3
 Gell's Gravitas          Tloc           3%         N/A       100%        3
 Kindle Blastsparks       Fire/Tloc/Air  2%         2d10      100%        3
 Mephitic Cloud           Conj/Pois/Air  0%         N/A       100%        3
 Portal Projectile        Hex/Tloc       2%         N/A       100%        3
 Spider Form              Tmut/Pois      0%         N/A       100%        3
 Summon Guardian Golem    Hex/Summ       0%         N/A       100%        3
 Swiftness                Air            0%         N/A       100%        3
 Teleport Other           Tloc           3%         N/A       100%        3
 Tukima's Dance           Hex            0%         N/A       100%        3
 Airstrike                Air            0%         2d(0-16)  100%        4
 Anguish                  Hex/Necr       0%         N/A       100%        4
 Fulminant Prism          Conj/Hex       0%         3d5       100%        4
 Iskenderun's Mystic Bla  Conj/Tloc      1%         2d3       100%        4
 Manifold Assault         Tloc           3%         N/A       100%        4
 Blade Hands              Tmut           0%         N/A       100%        5
 Lee's Rapid Deconstruct  Erth           0%         3d4*      100%        5
 Dispersal                Tloc           1%         N/A       100%        6
 Starburst                Conj/Fire      0%         6d3       100%        6
 Storm Form               Tmut/Air       0%         N/A       100%        7


Dungeon Overview and Level Annotations

Branches:
Dungeon (15/15)            Temple (1/1) D:6            Lair (5/5) D:11
  Swamp (0/4) Lair:3       Spider (0/4) Lair:2        Slime (0/5) Lair:4
    Orc (2/2) D:9             Elf (0/3) Orc:2        Vaults (0/5) D:14
 Depths (0/4) D:15        Ossuary (visited)          Bailey (visited)

Altars:
Ashenzari
Cheibriados
Dithmenos
Elyvilon
Fedhas
Gozag
Hepliaklqana
Kikubaaqudgha
Makhleb
Nemelex Xobeh
Okawaru
Qazlal
Ru
Sif Muna
Trog
Uskayaw
Vehumet
Wu Jian
Xom
Yredelemnul
Zin
The Shining One
Beogh
Jiyva

Shops:
D:8 =   Orc:2 =

Annotations:
D:10 3 runed translucent doors, Kuma's ghost, journeyman MiBe


Message History

You barely miss the orc knight. You hit the orc sorcerer.
You burn the orc sorcerer. You closely miss the orc high priest.
An orc priest comes into view. It is wielding a +0 mace.
The orc priest stares at you in amazement and kneels.
The orc priest barely misses the orc high priest.
The orc sorcerer points at you and mumbles some strange words.
The bolt of negative energy hits you! You partially resist.
You feel drained. You block the orc warrior's attack.
The orc knight hits you with a +2 great mace of protection!
You block the orc knight's attack.
The orc high priest hits your orc sorcerer with a +0 dire flail.
You slash the orc knight! You burn the orc knight.
You completely miss the orc sorcerer. You barely miss the orc high priest.
You slice the orc knight!! You burn the orc knight.
The orc priest seems less confused.
You block the orc warrior's attack.
An orc warrior comes into view. It is wielding a +0 mace.
The orc sorcerer points at you and mumbles some strange words.
You suddenly lose the ability to move!
Your orc sorcerer barely misses the orc high priest.
The orc high priest utters an invocation to Beogh.
The orc knight roars a battlecry!
The orcs go into a battle-frenzy!
The orc knight hits you with a +0 war axe!
Your orc priest hits the orc warrior with a +0 mace!
The orc priest looks encouraged for a moment.
The orc sorcerer hits you with a +0 dagger!
* * * LOW HITPOINT WARNING * * *
The orc warrior hits you from afar with a +0 glaive.
* * * LOW HITPOINT WARNING * * *
The orc sorcerer mumbles some strange words.
An orc wizard comes into view. It is wielding a +0 dagger.
The orc wizard stares at you in amazement and kneels.
It shouts, "I'll follow thee gladly!"
The orc knight hits you but does no damage.
Your orc sorcerer casts a spell at the orc knight.
The orc high priest easily resists.
Something hits your orc priest!
The orc high priest invokes the aid of Beogh against you.
Pain shoots through your body!
* * * LOW HITPOINT WARNING * * *
The orc knight hits you with a +0 war axe!!
* * * LOW HITPOINT WARNING * * *
The orc priest mumbles some strange prayers to Beogh against you.
Beogh smites you!
* * * LOW HITPOINT WARNING * * *
The orc sorcerer hits you with a +0 dagger!
* * * LOW HITPOINT WARNING * * *
The orc knight hits you with a +2 great mace of protection!!
You die...
Beogh appreciates the orc knight's killing of a heretic priest.

***********
***∩,,,,,,,∩##*
**∩,,,**,**,,.∩#*
*,,,**,,,,,**,..##
,,**,,,,,,,,,##).#
,,,,,,,,,,,,,,...#
,,*,,,,,,,,,,,#3o#
,,**,,,...,,,##oo##
,,,**,,...,,*#oo@o#
*,,,,,,#.#o.oo4o#.#
**,,,,,#.#....o##.#
,***,,,#.#...###..#
,,*****#.######..##
*...####.####...##
**#...........###
######.######
########.############


You could see 2 orc knights, a soul eater (summoned), an orc high priest
(strong), an ice devil (summoned), 2 orc sorcerers, 2 orc warriors, an orc
priest (strong), a friendly orc sorcerer (strong), a friendly orc priest
(strong) and a friendly orc wizard.

Vanquished Creatures
  Louise (D:15)
  Nessos (Lair:4)
  Azrael (Orc:2)
  Josephine (D:11)
  A hydra (D:13)
  A two-headed ogre (D:14)
  A merfolk avatar (Lair:5)
  2 centaur warriors
  A boulder beetle (D:14)
  Nergalle (D:12)
  Sonja (Orc:2)
  A skyshark (Lair:5)
  A sea snake (Lair:5)
  An orb spider (Lair:2)
  A necromancer (D:15)
  An orc knight (Lair:3)
  A lindwurm (Lair:5)
  2 deep elf pyromancers
  A deep elf zephyrmancer (D:15)
  2 harpies (Lair:5)
  3 manticores (D:13)
  An orc sorcerer (D:15)
  7 ugly things
  2 cyclopes
  4 cane toads
  Maggie (D:7)
  2 rime drakes
  3 yaktaurs (D:15)
  A kobold demonologist (D:12)
  A redback zombie (D:15)
  2 meliai (D:15)
  A hornet (Lair:5)
  A queen bee (D:15)
  2 polar bears
  6 blink frogs
  3 trolls
  A wolf spider simulacrum (D:15)
  Prince Ribbit (D:5)
  2 wind drakes (Lair:5)
  2 shadows
  A centaur simulacrum (D:14)
  2 water elementals (D:14)
  A culicivora (shapeshifter) (D:14)
  A wraith (D:11)
  5 wyverns
  5 fire elementals (Orc:2)
  A slime creature (D:13)
  22 yaks
  A basilisk (Lair:4)
  5 humans (D:14)
  Grum (D:10)
  2 steam dragons
  5 vampire mosquitoes
  2 wargs (Orc:1)
  Edmund (D:5)
  3 acid dragons
  4 water moccasins
  A hell hound (Orc:2)
  2 ice beasts
  5 orc warriors
  2 black bears (D:6)
  A sky beast (D:6)
  7 centaurs
  4 ogres
  A wolf (D:10)
  A phantom (D:5)
  An elf zombie (Ossuary)
  8 bullfrogs
  3 kobold brigands
  4 gnoll sergeants
  2 scorpions
  A necrophage (D:8)
  4 wights (D:6)
  6 killer bees (D:15)
  3 howler monkeys
  3 electric eels
  A centaur zombie (Ossuary)
  3 hounds
  2 human zombies (Ossuary)
  A jelly (D:5)
  3 orc priests
  3 iguanas
  2 hell rats (Lair:4)
  14 orc wizards
  3 mummies
  16 gnolls
  8 adders
  4 shadow imps (D:5)
  5 white imps
  4 ufetubi
  A worm (D:4)
  2 dart slugs (D:1)
  47 orcs
  7 ball pythons
  6 endoplasms
  5 giant cockroaches
  8 goblins
  6 hobgoblins
  2 jackals (D:2)
  17 kobolds
  2 quokkas
  5 bats
  6 frilled lizards
  A goblin zombie (Ossuary)
  9 hobgoblin zombies
  3 jackal zombies (Ossuary)
  11 kobold zombies
  8 orc zombies (Ossuary)
  4 rats
  2 rat zombies (Ossuary)
  A spectral hobgoblin (D:10)
412 creatures vanquished.

Vanquished Creatures (collateral kills)
  2 vault guards (D:14)
  5 hydras
  A catoblepas (Lair:5)
  A centaur warrior (D:15)
  2 two-headed ogres (D:12)
  2 boulder beetles (D:15)
  A tengu warrior (D:15)
  A sea snake (Lair:5)
  A lindwurm (Lair:5)
  2 wizards
  A wolf spider zombie (D:15)
  A deep elf pyromancer (D:14)
  5 ugly things
  3 manticores
  4 cyclopes
  2 black mambas (Lair:4)
  4 slime creatures
  A torpor snail (Lair:5)
  9 cane toads
  2 yaktaurs (D:15)
  A centaur skeleton (D:15)
  An efreet (D:14)
  3 kobold demonologists
  3 rime drakes
  3 komodo dragons
  A meliai (D:15)
  16 blink frogs
  2 polar bears
  A hornet (Lair:5)
  A wind drake (Lair:5)
  A dream sheep (shapeshifter) (D:13)
  2 snapping turtles (Lair:5)
  A centaur simulacrum (D:10)
  4 wraiths
  32 yaks
  3 basilisks
  4 humans (D:14)
  An unseen horror simulacrum (D:10)
  7 vampire mosquitoes
  3 wargs (D:11)
  A swamp worm (Lair:3)
  5 water moccasins
  A hell hound (Orc:2)
  4 orc warriors
  A hornet zombie (D:15)
  3 centaurs
  2 wolves (D:10)
  2 kobold brigands
  2 bullfrogs
  A gnoll sergeant (D:9)
  10 killer bees (D:15)
  3 orc priests
  3 hell rats (Lair:4)
  An iguana (Lair:3)
  5 orc wizards
  3 gnolls
  A white imp (D:10)
  An ufetubus (D:10)
  7 orcs
  4 goblins (D:10)
  3 kobolds
  3 bushes
206 creatures vanquished.

Vanquished Creatures (others)
  An orc knight (D:10)
  3 orc wizards
  A human (D:14)
  3 orc warriors
  6 orc priests
  A worm (D:4)
  27 orcs
  A demonic plant (D:5)
  47 fungi
  80 plants
170 creatures vanquished.

Grand Total: 788 creatures vanquished

Notes
Turn   | Place    | Note
-------+----------+-------------------------------------------
     0 | D:1      | DavidChitty2 the Hill Orc Fighter began the quest for the
                  | Orb.
     0 | D:1      | Reached XP level 1. HP: 19/19 MP: 1/1
   132 | D:1      | Reached skill level 3 in Axes
   166 | D:1      | Reached XP level 2. HP: 27/27 MP: 2/2
   399 | D:1      | Reached XP level 3. HP: 33/33 MP: 3/3
   821 | D:2      | Reached skill level 4 in Axes
  1031 | D:2      | Reached XP level 4. HP: 33/40 MP: 4/4
  1503 | D:3      | Found a broken altar of Ashenzari.
  1522 | D:3      | Identified the +1 robe of Zawkup {Fly rCorr Dex+3}
  2217 | D:4      | Reached XP level 5. HP: 42/47 MP: 5/5
  2284 | D:4      | Became a worshipper of Beogh the Brigand
  2301 | D:4      | Reached skill level 5 in Axes
  2438 | D:4      | Found a shimmering blue altar of Sif Muna.
  2583 | D:4      | Reached XP level 6. HP: 37/53 MP: 6/6
  2861 | D:4      | Found a snail-covered altar of Cheibriados.
  2875 | D:4      | Identified the +1 robe of Gouhiopp {+Blink rC- Str+2 Int+2}
  3072 | D:5      | Entered Level 5 of the Dungeon
  3222 | D:5      | Reached skill level 5 in Fighting
  3222 | D:5      | Reached skill level 6 in Axes
  3279 | D:5      | Reached XP level 7. HP: 44/61 MP: 7/7
  3433 | D:5      | Noticed Prince Ribbit
  3464 | D:5      | Killed Prince Ribbit
  3465 | D:5      | Reached skill level 7 in Axes
  3465 | D:5      | Reached skill level 5 in Armour
  3465 | D:5      | Reached skill level 5 in Shields
  3465 | D:5      | Reached skill level 1 in Invocations
  3707 | D:5      | Reached * piety under Beogh
  3805 | D:5      | Reached XP level 8. HP: 49/70 MP: 9/9
  4007 | D:5      | Found a shadowy altar of Dithmenos.
  4191 | D:5      | Noticed Edmund
  4201 | D:5      | Killed Edmund
  4202 | D:5      | Reached skill level 8 in Axes
  4294 | D:5      | You fall into a shaft and drop 2 floors!
  4573 | D:6      | Reached skill level 9 in Axes
  4617 | D:6      | Identified the +0 ring mail of the Trombone {rElec rF+
                  | Will+ Int-3}
  4790 | D:6      | Reached ** piety under Beogh
  4791 | D:6      | Reached XP level 9. HP: 69/78 MP: 10/12
  5045 | D:6      | Found a staircase to the Ecumenical Temple.
  5051 | Temple   | Entered the Ecumenical Temple
  5839 | D:6      | Reached skill level 10 in Axes
  5839 | D:6      | Reached skill level 5 in Invocations
  6181 | D:7      | Found an opulent altar of Gozag.
  6197 | D:7      | Noticed Maggie
  6211 | D:7      | Paralysed by Maggie for 3 turns
  6214 | D:7      | HP: 3/79 [Maggie/+0 broad axe of flaming (9)]
  6220 | D:7      | Killed Maggie
  6521 | D:8      | Reached skill level 11 in Axes
  6521 | D:8      | Reached XP level 10. HP: 75/88 MP: 14/14
  6807 | D:8      | Found a sand-covered staircase.
  6812 | Ossuary  | Entered an ossuary
  6838 | Ossuary  | Reached *** piety under Beogh
  7159 | D:8      | Found a roughly hewn altar of Beogh.
  7200 | D:8      | Reached **** piety under Beogh
  7228 | D:8      | Found Affon's Jewellery Shoppe.
  7651 | D:8      | Found an iron altar of Okawaru.
  7654 | D:8      | Found a glowing golden altar of the Shining One.
  7656 | D:8      | Found a basalt altar of Yredelemnul.
  7758 | D:8      | Bought the ring of Gluttony {rPois rN+ Str+4 SInv Stlth+}
                  | for 582 gold pieces
  8045 | D:9      | Reached skill level 12 in Axes
  8351 | D:9      | Gained Ugrim as an ally
  8575 | D:9      | Found a staircase to the Orcish Mines.
  8919 | D:10     | Entered Level 10 of the Dungeon
  8939 | D:10     | Your ally Ugrim died
  8990 | D:10     | Found a blossoming altar of Fedhas.
  9036 | D:10     | Reached XP level 11. HP: 63/97 MP: 16/16
  9036 | D:10     | Gained Bogbrand as an ally
  9038 | D:10     | Reached ***** piety under Beogh
  9042 | D:10     | Reached skill level 13 in Axes
  9291 | D:10     | Found a flagged portal.
  9293 | D:10     | Noticed Grum
  9301 | D:10     | Killed Grum
  9307 | D:10     | Found a runed translucent gate.
  9318 | Bailey   | Entered a bailey
  9560 | D:10     | Found a runed translucent gate.
  9560 | D:10     | Found a runed translucent gate.
  9562 | D:10     | Noticed Kuma's ghost (journeyman MiBe)
  9562 | D:10     | Noticed an 11-headed hydra
  9615 | D:10     | Gained Nordag as an ally
  9654 | D:10     | Noticed a soul eater
  9654 | D:10     | Your ally Nordag died
  9939 | D:10     | Found a hazy altar of Hepliaklqana.
 10072 | D:11     | Noticed Josephine
 10075 | D:11     | Killed Josephine
 10131 | D:11     | Noticed a cyclops
 10135 | D:11     | Found a staircase to the Lair.
 10137 | D:11     | Killed a cyclops
 10144 | D:11     | Noticed a cyclops
 10147 | D:11     | Killed a cyclops
 10178 | D:11     | Killed a white ugly thing
 10197 | D:11     | Noticed a cyclops
 10203 | D:11     | Killed a cyclops
 10204 | D:11     | Reached skill level 10 in Fighting
 10204 | D:11     | Reached skill level 14 in Axes
 10253 | D:11     | Noticed a red ugly thing
 10260 | D:11     | Killed a red ugly thing
 10757 | Lair:1   | Entered Level 1 of the Lair of Beasts
 10816 | Lair:1   | Gained Murdo as an ally
 10988 | Lair:1   | Reached XP level 12. HP: 82/106 MP: 18/18
 11739 | Lair:2   | Reached skill level 15 in Axes
 11856 | Lair:2   | Gained Orbeogh as an ally
 12025 | Lair:2   | Found a hole to the Spider Nest.
 12805 | Lair:3   | Noticed a six-headed hydra
 12810 | Lair:3   | Noticed a four-headed hydra
 12810 | Lair:3   | Killed a four-headed hydra
 12811 | Lair:3   | Reached skill level 10 in Invocations
 12814 | Lair:3   | Killed a two-headed hydra
 12815 | Lair:3   | Reached skill level 10 in Armour
 12838 | Lair:3   | Found a staircase to the Swamp.
 12946 | Lair:3   | Reached skill level 10 in Shields
 13076 | Lair:3   | Reached skill level 16 in Axes
 13879 | Lair:4   | Noticed Nessos
 13884 | Lair:4   | Killed Nessos
 13891 | Lair:4   | Reached XP level 13. HP: 114/116 MP: 5/20
 14436 | Lair:4   | Found a staircase to the Slime Pits.
 14437 | Lair:4   | Found a viscous altar of Jiyva.
 14464 | Lair:4   | Identified the +1 leather armour of Terror {Dex+3}
 14540 | Lair:4   | Gained Olfrun as an ally
 14599 | Lair:4   | Identified the +2 pair of gloves of the Sneaky Coins
                  | {Str+5}
 14992 | Lair:5   | Entered Level 5 of the Lair of Beasts
 15000 | Lair:5   | Gained Brunolf as an ally
 15376 | Lair:5   | Reached skill level 17 in Axes
 16021 | Lair:5   | Gained Zartorak as an ally
 16153 | Lair:5   | Identified the ring of Agnosticism {rElec rF+ rCorr}
 16355 | D:12     | Found a hide-covered altar of Uskayaw.
 16384 | D:12     | Noticed Nergalle
 16394 | D:12     | Killed Nergalle
 17388 | D:13     | Reached XP level 14. HP: 115/127 MP: 12/23
 17391 | D:13     | Reached skill level 18 in Axes
 19447 | D:14     | Found a gate to the Vaults.
 19504 | D:15     | Entered Level 15 of the Dungeon
 19562 | D:15     | Found an ornate altar of the Wu Jian Council.
 20491 | D:15     | Found a staircase to the Depths.
 20682 | D:15     | Identified the +10 tower shield of Absolutism {Drain rPois
                  | Dex-2 Slay+5 Stlth+}
 20682 | D:15     | Noticed Louise
 20687 | D:15     | Killed Louise
 20724 | D:15     | Learned a level 2 spell: Blink
 20989 | Orc:1    | Entered Level 1 of the Orcish Mines
 21150 | Orc:1    | You fall into a shaft and drop 1 floor!
 21150 | Orc:2    | Entered Level 2 of the Orcish Mines
 21154 | Orc:2    | Noticed Azrael
 21163 | Orc:2    | Killed Azrael
 21174 | Orc:2    | Noticed Sonja
 21175 | Orc:2    | Killed Sonja
 21176 | Orc:2    | Reached skill level 1 in Translocations
 21192 | Orc:2    | Reached skill level 1 in Evocations
 21208 | Orc:2    | Found a flickering gateway to a bazaar.
 21244 | Bazaar   | Entered a bazaar
 21244 | Bazaar   | Found Teggol's Antique Weapon Emporium.
 21244 | Bazaar   | Found Zouxkore's Antique Armour Emporium.
 21327 | Bazaar   | Found Lemnitum's Distillery.
 21335 | Bazaar   | Bought a potion of heal wounds for 45 gold pieces
 21343 | Bazaar   | Found Verchoca's General Store.
 21354 | Bazaar   | Found Kuotaid's Book Shoppe.
 21393 | Bazaar   | Bought a pair of slimy gloves for 237 gold pieces
 21393 | Bazaar   | Identified the +4 pair of gloves of Leapfrog {-Tele rCorr
                  | MP+9} (You bought it in a shop in a bazaar)
 21589 | Orc:2    | Found Guziet's Jewellery Boutique.
 21601 | Orc:2    | Paralysed by an orc sorcerer for 4 turns
 21603 | Orc:2    | Slain by an orc knight

Illustrated notes

Levels and vault maps discovered:
D:1:      mushboom_english_gardens, layout_loops_cross, st_stairs_6
D:2:      layout_basic
D:3:      layout_basic, mainiacjoe_overflow_brackets
D:4:      layout_loops_cross, nicolae_sif_muna_condensation, slow_altar_1,
          minmay_misc_feat_tower
D:5:      layout_basic, mainiacjoe_overflow_24_doors, serial_demonic,
          serial_demonic_g, serial_demonic_d, serial_demonic_d,
          serial_demonic_a, uniq_prince_ribbit1, uniq_edmund
D:6:      layout_basic, minmay_temple_entry_enclosed_plants, minmay_circle_x
D:7:      layout_rooms, nicolae_gozag_cash_rules_everything_around_me,
          abandoned_shop, uniq_maggie
D:8:      layout_rooms, grunt_temple_overflow_diamond, serial_shops,
          nicolae_shop_temple_entry_statues_fountains, special_room
          [special_room_orc], nicolae_ossuary_entry_giza
D:9:      layout_roguey, david_orc_4
D:10:     layout_cave_pools, fedhas_altar_4,
          nicolae_hepliaklqana_monster_ancestors, enter_bailey_5,
          gammafunk_ghost_hydra_chop, serial_ice, serial_ice_l, serial_ice_h,
          serial_ice_a, serial_ice_f, serial_ice_n, uniq_grum
D:11:     layout_rooms, erik_lair_orcish_takeover, uniq_josephine
D:12:     layout_roguey, eat_drink_and_be_merry_uskayaw, uniq_nergalle
D:13:     layout_loops_ring
D:14:     layout_basic, ximxim_vaults_locker_room, serial_park_square3
          [serial_park_minivault_5x5_2]
D:15:     grunt_enter_depths_magical_seal, layout_long_grid, minivault_26,
          special_room [special_room_bee], nicolae_wu_jian_wuxing_cycle,
          uniq_louise
Temple:   minmay_temple_forest_path
Lair:1:   layout_roguey
Lair:2:   layout_regular_city, nicolae_spider_entry_orb_guardian,
          gauntlet_entry_generic, grunt_megastairs_1
Lair:3:   layout_long_grid, palyth_hydra_swamp_entry, serial_bayou_ford_a
Lair:4:   layout_cave_pods, slime_entry_1, lemuel_fruit_tree, uniq_nessos
Lair:5:   gammafunk_lair_ancient_temple, layout_regular_city
Orc:1:    layout_diamond_mine, serial_shops, nicolae_shop_behind_doors
Orc:2:    st_orc_elflike, layout_caves, serial_shops, freezing_bzr, uniq_azrael,
          uniq_donald, uniq_sonja

Skill      XL: |  1  2  3  4  5  6  7  8  9 10 11 12 13 14 |
---------------+-------------------------------------------+-----
Axes           | 3 4 5 6 7 9 11 12 14 16 17 18 | 18.0
Fighting       | 4 5 6 7 9 10 11 12 13 | 13.9
Shields        | 4 5 6 7 8 9 10 11 12 | 12.5
Armour         | 4 5 6 7 8 9 10 11 12 | 12.6
Invocations    | 2 4 5 7 9 10 12 13 | 13.6
Translocations | 1 |  1.2
Evocations     | 1 |  1.0

Action                     |  1- 3 |  4- 6 |  7- 9 | 10-12 | 13-15 || total
---------------------------+-------+-------+-------+-------+-------++-------
  Melee: War axe           |   116 |   188 |   250 |       |       ||   554
         Broad axe         |       |       |     6 |   447 |   389 ||   842
 Invoke: Convert to Beogh  |       |     1 |       |       |       ||     1
         Smiting           |       |       |       |    10 |    22 ||    32
         Recall Orcish Fol |       |       |       |     3 |     5 ||     8
         Give Item to Name |       |       |       |     2 |     2 ||     4
    Use: Scroll            |       |    14 |     5 |     9 |     1 ||    29
         Potion            |       |       |     4 |     1 |       ||     5
   Stab: Distracted        |       |       |       |     2 |     4 ||     6
 Armour: Ring mail         |    56 |    99 |   132 |    75 |       ||   362
         Plate armour      |       |       |       |   125 |   149 ||   274
  Dodge: Dodged            |    78 |   113 |   162 |   156 |   111 ||   620
  Block: Buckler           |    23 |    39 |    60 |    51 |       ||   173
         Kite shield       |       |       |       |   140 |   167 ||   307
         Tower shield      |       |       |       |       |    55 ||    55

Table legend: (Time is in decaauts)
 A = Elapsed time spent in this place.
 B = Non-inter-level travel time spent in this place.
 C = Inter-level travel time spent in this place.
 D = Time resting spent in this place.
 E = Time spent auto-exploring this place.
 F = Levels seen in this place.
 G = Mean time per level.
                   A        B        C        D        E       F      G
               +--------+--------+--------+--------+--------+-----+--------+
         Total |  21703 |  20715 |    988 |   1750 |  15027 |  26 |  834.7 |
       Dungeon |  14610 |  13928 |    682 |   1356 |   9854 |  15 |  974.0 |
        Temple |    391 |    341 |     50 |      0 |    329 |   1 |  391.0 |
          Lair |   5541 |   5286 |    255 |    394 |   4171 |   5 | 1108.2 |
  Orcish Mines |    449 |    449 |      0 |      0 |    264 |   2 |  224.5 |
        Bazaar |    160 |    160 |      0 |      0 |    133 |   1 |  160.0 |
       Ossuary |    337 |    337 |      0 |      0 |    172 |   1 |  337.0 |
        Bailey |    212 |    212 |      0 |      0 |    103 |   1 |  212.0 |
               +--------+--------+--------+--------+--------+-----+--------+

Top non-repeatable levels by time:
    D:14: 1596 daAuts
    D:15: 1309 daAuts
     D:5: 1291 daAuts
  Lair:4: 1271 daAuts
  Lair:5: 1216 daAuts
     D:9: 1203 daAuts
  Lair:2: 1058 daAuts
  Lair:1: 1015 daAuts
     D:6: 992 daAuts
  Lair:3: 979 daAuts
     D:4: 971 daAuts
    D:10: 953 daAuts
     D:7: 911 daAuts
     D:3: 866 daAuts
    D:13: 850 daAuts
